Map: Acid Plant LE

Players

Slash - Winner!

  • Race: Terran Terran
  • League: Master
  • Spawn Location: 5:00

Pradaz

  • Race: Protoss Protoss
  • League: Master
  • Spawn Location: 11:00

VOD

Have the link to the VOD?

Description

Time

  • Played on: April 2, 2018, 7:58 a.m.
  • Length: 9:37
Show
View Real Time Build Order
Export as new Build Order

Slash Terran - Winner!

Build Orders:  

Get SALT Encoding   

  12  0:01  SCV  
  13  0:13  SCV  
  14  0:17  Supply Depot  
  14  0:25  SCV  
  15  0:38  SCV  
  16  0:47  Barracks  
  16  0:51  SCV  
  17  1:03  SCV  
  18  1:04  Refinery  
  18  1:15  SCV  
  19  1:27  SCV  
  20  1:36  Marine  
  20  1:37  Command Center  
  21  1:42  Orbital Command  
  21  1:53  Supply Depot  
  21  1:54  Barracks Tech Lab  
  21  2:08  SCV  
  22  2:15  Marauder  
  24  2:16  Concussive Shells  
  24  2:18  Barracks  
  24  2:20  SCV  
  25  2:32  SCV  
  25  2:36  Marauder  
  28  2:44  SCV  
  28  2:46  Barracks  
  28  2:49  Orbital Command  
  29  2:55  Refinery  
  29  2:57  SCV  
  30  2:59  Stimpack  
  30  3:05  Marine  
  31  3:09  SCV  
  31  3:20  SCV  
  31  3:21  SCV, Supply Depot  
  31  3:23  Barracks Reactor  
  31  3:25  Marine  
  34  3:30  Engineering Bay  
  34  3:32  SCV  
  35  3:35  Marine  
  35  3:38  SCV  
  37  3:42  Marine  
  37  3:44  SCV, Factory  
  39  3:50  SCV  
  40  3:56  SCV  
  40  3:57  Terran Infantry Weapons Level 1  
  40  3:58  Marine  
  40  4:00  Marine  
  40  4:02  SCV  
  42  4:07  Marine  
  42  4:08  SCV  
  42  4:09  Marine  
  43  4:14  SCV  
  43  4:15  Bunker  
  43  4:16  Marine  
  45  4:19  Marauder  
  45  4:20  SCV  
  48  4:26  SCV  
  48  4:27  Supply Depot  
  49  4:32  SCV  
  49  4:35  Marine  
  49  4:36  Factory Reactor, Marine  
  51  4:40  Marauder  
  49  4:47  SCV x2  
  49  4:48  Marine  
  52  4:54  Starport  
  52  4:59  SCV x2  
  54  5:01  Marauder  
  54  5:03  Refinery  
  54  5:05  Marine x2  
  58  5:08  Barracks Tech Lab  
  58  5:11  Barracks, SCV  
  59  5:15  Barracks  
  59  5:17  Widow Mine  
  61  5:24  Widow Mine, SCV, Marauder, Supply Depot  
  66  5:29  Marine x2, Marauder  
  70  5:36  Supply Depot  
  70  5:46  Marauder  
  70  5:47  Marine x2  
  74  5:51  Marauder  
  76  5:57  Terran Infantry Armor Level 1  
  76  5:59  Medivac  
  76  6:02  Factory Reactor  
  78  6:05  Marine x2  
  78  6:07  Barracks Tech Lab, Marauder  
  78  6:08  Barracks Reactor  
  82  6:12  Marauder  
  83  6:22  Marine  
  83  6:23  Marine  
  83  6:24  Refinery  
  85  6:28  SCV  
  85  6:30  Supply Depot  
  85  6:32  Supply Depot  
  86  6:35  SCV  
  86  6:36  Marauder x3  
  86  6:37  Medivac  
  95  6:40  SCV, Marine x2  
  98  6:48  Marine  
  98  6:49  Widow Mine  
  98  6:51  Widow Mine  
  98  6:52  Marine  
  104  6:57  Marine x2, Marauder  
  104  6:58  Marine x2  
  104  6:59  Medivac  
  104  7:13  Marine x2  
  104  7:14  Marine  
  104  7:15  Marauder  
  102  7:16  Marine x2  
  102  7:19  Marauder  
  75  7:31  Marine x2  
  75  7:32  Widow Mine x2, Medivac  
  75  7:33  Marauder  
  75  7:34  Marine x2  
  75  7:36  Marauder  
  86  7:40  Marauder  
  88  7:44  Medivac  
  88  7:49  Marine x2, Liberator  
  92  7:51  Marine  
  92  7:54  Marauder  
  92  7:55  Supply Depot  
  92  7:58  Marauder, Supply Depot  
  97  8:01  Marauder  
  99  8:08  Widow Mine x2  
  106  8:16  Marauder  
  106  8:19  Marauder  
  110  8:23  Marine, Marauder  
  110  8:24  Marine  
  110  8:33  Marine x2  
  100  8:37  Marauder  
  100  8:40  Marauder  
  100  8:41  Widow Mine, Marine x2  
  103  8:44  Marauder  
  103  8:51  Marine  
  103  8:56  Marine  
  103  8:57  Widow Mine  
  103  8:58  Marauder  
  103  8:59  Marine x2  
  103  9:02  Marauder  
  112  9:05  Marauder  
  112  9:08  Marine  
  115  9:11  Armory  
  115  9:13  Marine  
  116  9:17  Marine x2  
  117  9:34  Supply Depot  
  117  9:35  Supply Depot  
Show
View Real Time Build Order
Export as new Build Order

Pradaz Protoss 

Build Orders: 1 Gate Expand, Blink Stalkers 

Get SALT Encoding   

  12  0:01  Probe  
  13  0:13  Probe  
  14  0:18  Pylon  
  14  0:25  Probe  
  15  0:36  Gateway  
  15  0:37  Probe (Chrono Boost)  
  16  0:48  Probe (Chrono Boost)  
  17  0:53  Probe (Chrono Boost)  
  18  1:11  Nexus  
  18  1:23  Cybernetics Core  
  18  1:26  Assimilator  
  18  1:27  Probe (Chrono Boost)  
  19  1:38  Assimilator  
  19  1:39  Probe (Chrono Boost)  
  20  1:44  Pylon  
  20  1:46  Probe (Chrono Boost)  
  21  1:53  Probe (Chrono Boost)  
  22  2:02  Adept  
  22  2:05  Probe (Chrono Boost)  
  25  2:11  Warp Gate  
  25  2:13  Probe (Chrono Boost)  
  25  2:15  Gateway  
  26  2:21  Probe (Chrono Boost)  
  27  2:24  Probe (Chrono Boost)  
  27  2:29  Stalker  
  30  2:36  Probe (Chrono Boost)  
  32  2:38  Probe (Chrono Boost)  
  32  2:41  Probe (Chrono Boost)  
  32  2:44  Probe  
  34  2:50  Twilight Council, Probe  
  35  2:56  Probe  
  36  3:02  Probe  
  36  3:03  Stalker (Chrono Boost)  
  39  3:08  Probe  
  40  3:12  Pylon  
  40  3:22  Pylon  
  40  3:23  Stalker (Chrono Boost)  
  40  3:26  Blink (Chrono Boost), Zealot (Chrono Boost)  
  40  3:31  Shield Battery  
  40  3:33  Probe  
  43  3:35  Probe  
  44  3:47  Zealot (Chrono Boost)  
  48  3:50  Stalker (Chrono Boost)  
  48  4:01  Probe x2  
  50  4:13  Probe x2  
  52  4:22  Nexus  
  52  4:23  Robotics Facility  
  52  4:24  Pylon  
  52  4:25  Probe  
  52  4:27  Probe, Shield Battery  
  52  4:30  Pylon  
  52  4:49  Probe (Chrono Boost)  
  52  4:51  Assimilator  
  52  4:52  Probe (Chrono Boost)  
  54  4:57  Stalker x2  
  54  4:59  Pylon  
  59  5:00  Gateway  
  59  5:01  Probe (Chrono Boost)  
  59  5:05  Probe (Chrono Boost)  
  59  5:06  Probe (Chrono Boost)  
  60  5:09  Pylon  
  60  5:13  Probe, Immortal (Chrono Boost)  
  62  5:15  Probe  
  62  5:20  Forge  
  67  5:23  Pylon  
  67  5:25  Probe  
  68  5:31  Probe  
  69  5:37  Probe  
  69  5:38  Pylon, Probe  
  71  5:43  Probe  
  71  5:44  Stalker x2  
  71  5:45  Observer  
  71  5:49  Probe  
  78  5:51  Probe  
  78  5:55  Probe  
  80  6:01  Probe  
  80  6:02  Immortal (Chrono Boost)  
  80  6:03  Probe  
  82  6:07  Probe  
  82  6:09  Stalker x2  
  89  6:13  Probe  
  89  6:14  Protoss Ground Weapons Level 1  
  90  6:18  Stalker  
  90  6:24  Gateway  
  92  6:26  Gateway  
  92  6:30  Probe x2  
  92  6:31  Assimilator  
  94  6:35  Assimilator  
  94  6:36  Stalker  
  94  6:37  Stalker  
  94  6:38  Shield Battery  
  94  6:39  Shield Battery  
  98  6:40  Pylon  
  98  6:42  Stalker  
  98  6:45  Immortal  
  105  6:47  Probe x3  
  105  6:53  Pylon  
  107  6:59  Probe x2  
  107  7:00  Assimilator  
  109  7:03  Photon Cannon  
  106  7:09  Zealot x3  
  94  7:24  Pylon  
  94  7:27  Immortal  
  88  7:30  Probe x3  
  95  7:42  Probe x3  
  98  7:49  Stalker x3  
  104  7:52  Pylon  
  104  7:54  Charge (Chrono Boost)  
  104  7:56  Forge  
  104  7:57  Templar Archives  
  105  8:00  Immortal  
  104  8:11  Pylon  
  108  8:14  Gateway  
  108  8:16  Gateway  
  108  8:19  Gateway, Nexus  
  102  8:20  Gateway  
  94  8:29  Stalker  
  94  8:30  Stalker x3  
  94  8:31  Stalker  
  83  8:46  Immortal (Chrono Boost)  
  70  8:57  Stalker x2  
  70  8:58  Stalker x3  
  68  9:05  Probe x2  
  69  9:13  Dark Shrine  
  68  9:17  Probe  
  66  9:32  Stalker x2  
  66  9:33  Stalker  
  66  9:34  Zealot x4  
Tags
 
Add a new tag
Caveats
  • Supply blocks, unpowered buildings, or Contaminate may cause inaccurate times.
  • Supply counts are checked every 10 seconds.